cohdb
Replays
Latest Replays
All Replays
Popular Replays
Top Player Replays
Match Explorer
How It Works
Community
CoH3 Stats
Reddit
Sign in to upload your games and track your stats! →
Sign in with Steam
Match 37855148
Unlisted
Match 37855148
Overview
Messages
Build Orders
End
Royal Engineer Section
Construct Section Command Post
Infantry Section
Infantry Section
Infantry Section
Construct Platoon Command Post
Construct Field Infirmary
ML 3-inch Mortar Team
Humber Armored Car
6-pounder Anti-tank Gun Team
Grenade Package
Selects Indian Artillery Battlegroup
Selects Valour
Selects Gurkha Rifles Section
Gurkha Rifles Section
6-pounder Anti-tank Gun Team
Construct Company Command Post
Crusader II Medium Tank
Foot Guards Section
Selects Volunteer Infantry
Unlock M3 Grant Medium Tanks
Selects Artillery Saturation
Selects Off-map Airburst Barrage
M3 Grant Medium Tank
Anticafe
Hawker Typoon
0
0
Comments
sign in to comment!
No comments posted yet!